 Dungeon Crawl Stone Soup version 0.26.0-10-g1f06aea511 (webtiles) character file.

Game seed: 638281594272700247

143 Dracia the Poker (level 5, -1/38 HPs)
             Began as a Demonspawn Gladiator on Jan 22, 2021.
             Slain by Grinder (8 damage)
             ... on level 4 of the Dungeon.
             The game lasted 00:04:21 (3450 turns).

Dracia the Poker (Demonspawn Gladiator)             Turns: 3450, Time: 00:04:22

Health: -1/38      AC: 10    Str: 16    XL:     5   Next: 4%
Magic:  5/5        EV: 11    Int:  9    God:
Gold:   156        SH:  0    Dex: 14    Spells: 4/4 levels left

rFire    . . .     SeeInvis .   i - +3 spear (vorpal)
rCold    . . .     Faith    .   (no shield)
rNeg     . . .     Spirit   .   p - +0 chain mail (curse)
rPois    .         Reflect  .   c - +1 helmet
rElec    .         Harm     .   (no cloak)
rCorr    .         Rampage  .   (no gloves)
Will     .....                  (no boots)
Stlth    ..........             (no amulet)
HPRegen  0.12/turn              (no ring)
MPRegen  0.09/turn              (no ring)

@: lethally poisoned (-1 -> -3)
A: sturdy frame 3
a: no special abilities


You were on level 4 of the Dungeon.
You visited 1 branch of the dungeon, and saw 4 of its levels.

You collected 156 gold pieces.


Innate Abilities, Weirdness & Mutations

Your movements are significantly less encumbered by armour. (ER -6)


   Skills:
 - Level 2.0 Fighting
 + Level 5.2 Polearms
 - Level 1.7 Throwing
 - Level 2.6 Dodging


You had 4 spell levels left.
You didn't know any spells.
Your spell library was empty.

Inventory:

Hand Weapons
 a - a +0 trident
 i - a +3 vorpal spear (weapon)
Missiles
 d - 3 throwing nets (quivered) {=f=f}
 l - 4 poisoned darts
Armour
 b - a +0 leather armour
 c - a +1 helmet (worn)
 k - a +0 chain mail
 p - a cursed +0 chain mail (worn)
Wands
 n - a wand of random effects (20)
 q - a wand of iceblast (10)
Scrolls
 e - a scroll of enchant armour
 f - 2 scrolls of teleportation {@r4@r4}
 h - 5 scrolls of identify {@r1@r1}
 m - 2 scrolls of magic mapping
 o - a scroll of remove curse {@r2@r2}
Potions
 g - 3 potions of curing {@q1@q1}
 r - a potion of degeneration {unknown}

Dungeon Overview and Level Annotations

Branches:
Dungeon (4/15)
 Temple: D:4-7

Altars:
Cheibriados
Dithmenos
Makhleb
Qazlal
Vehumet
Yredelemnul

Annotations:
D:4 Grinder

..........
......... ##..
>........ ....
.#....... .#..#
........# ....#
........##..)...
(.....gg.#......
(......g@....#
.......l5B..$#
...##........# .
#.........#
........#..#
..............#
...............
...............
......#......#


You could see Grinder (fast), a worker ant, 3 gnolls and a leopard gecko.


Message History

The gnoll closely misses you. x2
Unknown command.
You hit Grinder.
Grinder is heavily wounded.
Grinder closely misses you.
The leopard gecko bites you but does no damage.
The worker ant bites you. The gnoll hits you. The gnoll barely misses you.
The gnoll closely misses you.
Unknown command.
You hit Grinder.
Grinder is heavily wounded.
Grinder hits you but does no damage. The leopard gecko bites you.
* * * LOW HITPOINT WARNING * * *
The worker ant bites you.
* * * LOW HITPOINT WARNING * * *
The gnoll hits you.
* * * LOW HITPOINT WARNING * * *
The gnoll barely misses you. Grinder barely misses you.
You barely miss Grinder.
Grinder is heavily wounded.
The gnoll hits you but does no damage. The leopard gecko bites you.
* * * LOW HITPOINT WARNING * * *
The worker ant closely misses you. Grinder hits you.
* * * LOW HITPOINT WARNING * * *
Unknown command.
You closely miss Grinder.
Grinder is heavily wounded.
The gnoll misses you. The leopard gecko closely misses you.
The gnoll hits you but does no damage. Grinder hits you!
You die...

Skill      XL: |  1  2  3  4 |
---------------+-------------+-----
Polearms       | 3 4 5 |  5.2
Fighting       | |  2.0
Throwing       | |  1.7
Dodging        | |  2.6

Action                   |  1- 3 |  4- 6 || total
-------------------------+-------+-------++-------
Melee: Trident           |    67 |       ||    67
       Spear             |    42 |   104 ||   146
  Use: Scroll            |     6 |     2 ||     8
       Potion            |     1 |       ||     1
 Stab: Sleeping          |     2 |       ||     2
Armor: Leather armour    |    33 |     2 ||    35
       Chain mail        |       |    31 ||    31
Dodge: Dodged            |    67 |    48 ||   115

Levels and vault maps discovered:
D:1:      dpeg_arrival_stone_temple_mockup, layout_loops_cross,
          minmay_misc_feat_secret_circle
D:2:      layout_basic, nicolae_overflow_hidden_temple,
          nicolae_qazlal_style_of_elements, st_stairs_5
D:3:      layout_basic, yredelemnul_forgotten_temple_becter
D:4:      layout_layer_cave, old_standard_altar, minmay_temple_entry_offerings,
          serial_shops, shop_fountains, uniq_robin, uniq_grinder,
          uniq_blork_the_orc

Notes
Turn   | Place    | Note
-------+----------+-------------------------------------------
     0 | D:1      | Dracia the Demonspawn Gladiator began the quest for the
                  | Orb.
     0 | D:1      | Reached XP level 1. HP: 16/16 MP: 1/1
    96 | D:1      | Reached skill level 3 in Polearms
   570 | D:1      | Gained mutation: Your movements are slightly less
                  | encumbered by armour. (ER -2) [demonic ancestry]
   570 | D:1      | Reached XP level 2. HP: 22/22 MP: 2/2
  1198 | D:2      | Reached XP level 3. HP: 27/27 MP: 3/3
  1219 | D:2      | Noticed a water elemental
  1224 | D:2      | Reached skill level 4 in Polearms
  1227 | D:2      | Found a stormy altar of Qazlal.
  1262 | D:2      | Noticed an earth elemental
  1262 | D:2      | Noticed a fire elemental
  1262 | D:2      | Noticed an air elemental
  1308 | D:2      | Found a shadowy altar of Dithmenos.
  1310 | D:2      | Found a burning altar of Makhleb.
  1624 | D:2      | Found a radiant altar of Vehumet.
  1626 | D:2      | Found a snail-covered altar of Cheibriados.
  1673 | D:2      | Gained mutation: Your movements are less encumbered by
                  | armour. (ER -4) [demonic ancestry]
  1673 | D:2      | Reached XP level 4. HP: 33/33 MP: 4/4
  2395 | D:3      | Found a basalt altar of Yredelemnul.
  2549 | D:3      | Reached skill level 5 in Polearms
  2960 | D:3      | Gained mutation: Your movements are significantly less
                  | encumbered by armour. (ER -6) [demonic ancestry]
  2960 | D:3      | Reached XP level 5. HP: 38/38 MP: 5/5
  3434 | D:4      | Noticed Grinder
  3435 | D:4      | Paralysed by Grinder for 7 turns
  3450 | D:4      | Slain by Grinder

Vanquished Creatures
  A hound (D:3)
  4 adders
  An ooze (D:1)
  2 worms (D:3)
  A dart slug (D:2)
  3 leopard geckos (D:2)
  4 orcs (D:3)
  7 giant cockroaches
  2 goblins
  4 hobgoblins
  8 jackals (D:2)
  7 kobolds
  2 ball pythons (D:1)
  4 bats
  3 frilled lizards
  5 rats
  A spectral orc (D:3)
59 creatures vanquished.

Table legend: (Time is in decaauts)
 A = Elapsed time spent in this place.
 B = Non-inter-level travel time spent in this place.
 C = Inter-level travel time spent in this place.
 D = Time resting spent in this place.
 E = Time spent auto-exploring this place.
 F = Levels seen in this place.
 G = Mean time per level.
                   A        B        C        D        E       F      G
               +--------+--------+--------+--------+--------+-----+--------+
         Total |   3438 |   3315 |    123 |      0 |   2905 |   4 |  859.5 |
       Dungeon |   3438 |   3315 |    123 |      0 |   2905 |   4 |  859.5 |
               +--------+--------+--------+--------+--------+-----+--------+

Top non-repeatable levels by time:
     D:3: 1249 daAuts
     D:2: 1131 daAuts
     D:1: 1043 daAuts
     D:4: 14 daAuts

Table legend:
 A = Non-vault XP
 B = Vault XP
 C = Vault XP percentage of total XP
 D = Non-vault monster count
 E = Vault monster count
 F = Vault count percentage of total count
                 A         B        C        D         E       F
            +---------+---------+-------+---------+---------+-------
      Total |     188 |      17 |   8.3 |      55 |       4 |   6.8
            +---------+---------+-------+---------+---------+-------
        D:1 |      23 |       0 |   0.0 |      13 |       0 |   0.0
        D:2 |      68 |      16 |  19.0 |      22 |       3 |  12.0
        D:3 |      97 |       1 |   1.0 |      20 |       1 |   4.8
            +---------+---------+-------+---------+---------+-------
